 Dungeon Crawl Stone Soup version 0.30-a0-629-gd54f4be4f7 (console) character file.

Game seed: 18007206576450454293

2282 jejorda2 the Basher (level 9, 0/74 HPs)
             Began as a Gnoll Berserker on Jan 12, 2023.
             Was an Elder of Trog.
             Slain by Erica
             ... wielding a +0 scimitar of flaming
              (2 damage)
             ... on level 8 of the Dungeon.
             The game lasted 00:15:37 (5496 turns).

jejorda2 the Basher (Gnoll Berserker)               Turns: 5496, Time: 00:15:38

Health: 0/74       AC: 12    Str: 20    XL:     9   Next: 39%
Magic:  15/15      EV: 14    Int:  8    God:    Trog [****..]
Gold:   602        SH:  0    Dex: 11    Spells: 16/16 levels left

rFire   . . .      SeeInvis .    a - +0 morningstar
rCold   . . .      Faith    .    (no shield)
rNeg    . . .      Spirit   .    F - +0 chain mail
rPois   .          Reflect  .    r - +0 helmet
rElec   .          Harm     .    (no cloak)
rCorr   .          Rampage  .    n - +0 pair of gloves
Will    +....                    (no boots) Stlth
                                 A - amulet of regeneration
HPRegen 1.12/turn                m - +5 ring of evasion
MPRegen 0.14/turn                H - ring of willpower

@: mighty, lethally poisoned (0 -> -1), on berserk cooldown, slowed, very slow
A: fangs 1, strong nose, distributed training
a: Renounce Religion, Berserk, Trog's Hand, Brothers in Arms


You were on level 8 of the Dungeon.
You worshipped Trog.
Trog was greatly pleased with you.
You visited 1 branch of the dungeon, and saw 8 of its levels.

You collected 602 gold pieces.

Inventory:

Hand Weapons
 a - a +0 morningstar (weapon)
 b - a +0 broad axe
Missiles
 c - 63 stones (quivered)
 q - 8 poisoned darts
 x - 2 atropa-tipped darts
 y - 5 boomerangs
Armour
 n - a +0 pair of gloves (worn)
 r - a +0 helmet (worn)
 F - a +0 chain mail (worn)
Jewellery
 m - a +5 ring of evasion (left hand)
 A - an amulet of regeneration (around neck)
 D - a ring of positive energy
 H - a ring of willpower (right hand)
Wands
 B - a wand of paralysis (10)
 C - a wand of mindburst (17)
Scrolls
 d - 3 scrolls of immolation
 f - a scroll of vulnerability
 h - 3 scrolls of poison
 i - a scroll of enchant armour
 j - 3 scrolls of enchant weapon
 k - a scroll of fear
 l - a scroll of torment
 o - 5 scrolls of teleportation
 t - 4 scrolls of magic mapping
 I - 4 scrolls of blinking
Potions
 e - 2 potions of flight
 p - 4 potions of resistance
 v - a potion of attraction
 z - a potion of haste
 G - 2 potions of curing {unknown}


   Skills:
 + Level 8.0 Fighting
 + Level 4.3 Short Blades
 + Level 4.3 Long Blades
 + Level 4.3 Axes
 + Level 8.0 Maces & Flails
 + Level 4.3 Polearms
 + Level 4.3 Staves
 + Level 4.3 Ranged Weapons
 + Level 4.3 Throwing
 + Level 6.4 Armour
 + Level 6.4 Dodging
 + Level 4.3 Stealth
 + Level 4.3 Shields
 + Level 4.3 Unarmed Combat
 + Level 4.3 Spellcasting
 + Level 3.6 Conjurations
 + Level 3.6 Hexes
 + Level 3.6 Summonings
 + Level 3.6 Necromancy
 + Level 3.6 Translocations
 + Level 3.6 Transmutations
 + Level 3.6 Fire Magic
 + Level 3.6 Ice Magic
 + Level 3.6 Air Magic
 + Level 3.6 Earth Magic
 + Level 3.6 Poison Magic
 + Level 4.8 Invocations
 + Level 4.3 Evocations


You had 16 spell levels left.
You didn't know any spells.
Your spell library was empty.

Dungeon Overview and Level Annotations

Branches:
Dungeon (8/15)             Temple (0/1) D:6
   Lair: D:8-11

Altars:
Elyvilon
Nemelex Xobeh
Qazlal
The Shining One

Shops:
D:1 :

Annotations:
D:6 3 runed translucent doors, HilariousDeathArtist's ghost, novice DjRe
D:8 Erica


Innate Abilities, Weirdness & Mutations

You have very sharp teeth.
Your uncanny sense of smell can sniff out nearby items.
Your experience applies equally to all skills.


Message History

You feel the effects of Trog's Hand fading.
Something hits you!
* * * LOW HITPOINT WARNING * * *
Something burns you.
* * * LOW HITPOINT WARNING * * *
You hear some strange, mumbled words.
A lance of force appears from out of thin air!
The lance of force misses you.
Okay, then.
You feel much better.
You hear some strange, mumbled words.
A lance of force appears from out of thin air!
The lance of force misses you.
You barely miss something. Something hits you. Something burns you.
You hear some strange, mumbled words.
A bolt of poison appears from out of thin air!
The bolt of poison hits you!
You are poisoned.
* * * LOW HITPOINT WARNING * * *
You puncture something!
You feel very sick. Something hits you!
* * * LOW HITPOINT WARNING * * *
Something burns you.
* * * LOW HITPOINT WARNING * * *
You feel much better.
Your skin stops crawling.
You feel less strong-willed.
You feel very sick. Something hits you.
* * * LOW HITPOINT WARNING * * *
Something burns you.
* * * LOW HITPOINT WARNING * * *
Something hits you but does no damage.
You feel very mighty all of a sudden.
You feel sick. Something hits you!
* * * LOW HITPOINT WARNING * * *
Something burns you.
* * * LOW HITPOINT WARNING * * *
You miss something.
You feel sick. Something hits you.
You die...

#+## #...##
##.....##
######.......#
...............
.. ...........
.## #.........
..# #.@{.....#
# #.#
#.#.....##
#.#.# #.##...##
#.#.###.# #+##
#.......#
###.##### #)# .
#!####....
#.<......:


There were no monsters in sight!

Vanquished Creatures
  A water moccasin (D:6)
  2 sky beasts
  2 orc warriors
  3 black bears
  An ogre (D:5)
  2 ice beasts (D:6)
  2 centaurs
  A phantom (D:4)
  A kobold brigand (D:7)
  A bullfrog (D:7)
  A necrophage (D:5)
  3 scorpions
  A howler monkey (D:6)
  3 orc priests
  4 hounds
  2 iguanas (D:5)
  4 orc wizards
  Robin (D:3)
  4 adders
  8 gnolls (D:6)
  2 dart slugs (D:2)
  29 orcs
  6 bats
  4 endoplasms
  12 giant cockroaches (D:2)
  8 goblins
  9 hobgoblins
  2 jackals (D:5)
  6 kobolds
  4 quokkas
  6 ball pythons
  4 frilled lizards
  4 rats
143 creatures vanquished.

Vanquished Creatures (others)
  A plant (D:4)
1 creature vanquished.

Grand Total: 144 creatures vanquished

Notes
Turn   | Place    | Note
-------+----------+-------------------------------------------
     0 | D:1      | jejorda2 the Gnoll Berserker began the quest for the Orb.
     0 | D:1      | Reached XP level 1. HP: 23/23 MP: 1/1
     0 | D:1      | Found Jylaz Suja's Book Emporium.
   925 | D:2      | Found a stormy altar of Qazlal.
   934 | D:2      | Identified the +1 robe of Virtue {rF- Regen+ Int+7}
   947 | D:2      | Reached XP level 2. HP: 27/29 MP: 2/2
  1135 | D:2      | Reached ** piety under Trog
  1142 | D:2      | Reached XP level 3. HP: 32/35 MP: 3/3
  1166 | D:2      | Reached skill level 1 in Invocations
  1626 | D:2      | Reached skill level 1 in Short Blades
  1626 | D:2      | Reached skill level 1 in Long Blades
  1626 | D:2      | Reached skill level 1 in Axes
  1626 | D:2      | Reached skill level 1 in Polearms
  1626 | D:2      | Reached skill level 1 in Staves
  1626 | D:2      | Reached skill level 1 in Ranged Weapons
  1626 | D:2      | Reached skill level 1 in Throwing
  1626 | D:2      | Reached skill level 1 in Stealth
  1626 | D:2      | Reached skill level 1 in Shields
  1626 | D:2      | Reached skill level 1 in Unarmed Combat
  1626 | D:2      | Reached skill level 1 in Spellcasting
  1626 | D:2      | Reached skill level 1 in Evocations
  1899 | D:3      | Reached XP level 4. HP: 41/41 MP: 5/5
  2343 | D:3      | Found a faded altar of an unknown god.
  2483 | D:3      | Noticed Robin
  2492 | D:3      | Killed Robin
  2493 | D:3      | Reached skill level 1 in Conjurations
  2493 | D:3      | Reached skill level 1 in Hexes
  2493 | D:3      | Reached skill level 1 in Summonings
  2493 | D:3      | Reached skill level 1 in Necromancy
  2493 | D:3      | Reached skill level 1 in Translocations
  2493 | D:3      | Reached skill level 1 in Transmutations
  2493 | D:3      | Reached skill level 1 in Fire Magic
  2493 | D:3      | Reached skill level 1 in Ice Magic
  2493 | D:3      | Reached skill level 1 in Air Magic
  2493 | D:3      | Reached skill level 1 in Earth Magic
  2493 | D:3      | Reached skill level 1 in Poison Magic
  2775 | D:4      | Reached XP level 5. HP: 36/47 MP: 5/7
  2905 | D:4      | Noticed a phantom
  2916 | D:4      | Killed a phantom
  2952 | D:4      | Reached XP level 6. HP: 53/53 MP: 8/8
  2979 | D:4      | Reached skill level 5 in Armour
  2979 | D:4      | Reached skill level 5 in Dodging
  3082 | D:4      | Found a glowing golden altar of the Shining One.
  3088 | D:4      | Found a sparkling altar of Nemelex Xobeh.
  3089 | D:4      | Found a white marble altar of Elyvilon.
  3232 | D:4      | Reached *** piety under Trog
  3462 | D:5      | Entered Level 5 of the Dungeon
  3632 | D:5      | Noticed a black bear
  3645 | D:5      | Killed a black bear
  3646 | D:5      | Reached XP level 7. HP: 60/60 MP: 10/10
  4450 | D:6      | Found a runed translucent gate.
  4451 | D:6      | Found a runed translucent gate.
  4452 | D:6      | Found a runed translucent gate.
  4452 | D:6      | Noticed HilariousDeathArtist's ghost (novice DjRe)
  4455 | D:6      | Noticed a white ugly thing
  4471 | D:6      | Reached XP level 8. HP: 58/67 MP: 12/12
  4681 | D:6      | Reached XP level 9. HP: 73/73 MP: 14/14
  4852 | D:6      | Found a staircase to the Ecumenical Temple.
  5139 | D:7      | Reached **** piety under Trog
  5473 | D:8      | Noticed Erica
  5490 | D:8      | HP: 1/74 [something (4)]
  5495 | D:8      | HP: 2/74 [something (4)]
  5496 | D:8      | Slain by Erica

Illustrated notes

Levels and vault maps discovered:
D:1:      dpeg_arrival_rooms_with_view, layout_loops_corners, serial_shops,
          shop_fountains, nrook_campfire
D:2:      minmay_roachtagon, layout_basic, basic_altar
D:3:      cheibrodos_old_hovel, layout_basic, basic_ecumenical_altar,
          minmay_fractal_squares_gapless_5, uniq_robin
D:4:      kennysheep_spiral_hall, layout_rooms,
          gammafunk_temple_overflow_forgotten
D:5:      layout_basic, hangedman_abyss_or_decor_lesser_grid
D:6:      layout_rooms, minmay_temple_entry_mini_moons, gammafunk_ghost_split
D:7:      layout_rooms
D:8:      layout_loops_corners, cheibriados_altar_1,
          mainiacjoe_overflow_alcove_4, uniq_erica

Skill      XL: |  1  2  3  4  5  6  7  8  9 |
---------------+----------------------------+-----
Invocations    | 1 2 3 4 |  4.8
Short Blades   | 1 2 3 4 |  4.3
Long Blades    | 1 2 3 4 |  4.3
Axes           | 1 2 3 4 |  4.3
Polearms       | 1 2 3 4 |  4.3
Staves         | 1 2 3 4 |  4.3
Ranged Weapons | 1 2 3 4 |  4.3
Throwing       | 1 2 3 4 |  4.3
Stealth        | 1 2 3 4 |  4.3
Shields        | 1 2 3 4 |  4.3
Unarmed Combat | 1 2 3 4 |  4.3
Spellcasting   | 1 2 3 4 |  4.3
Evocations     | 1 2 3 4 |  4.3
Conjurations   | 1 2 3 |  3.6
Hexes          | 1 2 3 |  3.6
Summonings     | 1 2 3 |  3.6
Necromancy     | 1 2 3 |  3.6
Translocations | 1 2 3 |  3.6
Transmutations | 1 2 3 |  3.6
Fire Magic     | 1 2 3 |  3.6
Ice Magic      | 1 2 3 |  3.6
Air Magic      | 1 2 3 |  3.6
Earth Magic    | 1 2 3 |  3.6
Poison Magic   | 1 2 3 |  3.6
Armour         | 5 6 |  6.4
Dodging        | 5 6 |  6.4
Fighting       | 7 8 |  8.0
Maces & Flails | 7 8 |  8.0

Action                   |  1- 3 |  4- 6 |  7- 9 || total
-------------------------+-------+-------+-------++-------
Melee: Mace              |    90 |       |       ||    90
       Bite              |    13 |    11 |    31 ||    55
       Flail             |    23 |    70 |       ||    93
       Punch             |     1 |     2 |     5 ||     8
       Hand axe          |       |     3 |       ||     3
       Morningstar       |       |    74 |   287 ||   361
Throw: Stone             |     1 |       |     6 ||     7
Invok: Berserk           |       |     3 |     4 ||     7
       Trog's Hand       |       |     1 |     2 ||     3
Evoke: Wand              |       |       |     1 ||     1
  Use: Scroll            |       |    16 |     4 ||    20
       Potion            |       |       |     3 ||     3
Armor: Ring mail         |    35 |    15 |       ||    50
       Scale mail        |       |    35 |    76 ||   111
       Chain mail        |       |       |    29 ||    29
Dodge: Dodged            |    94 |   130 |   243 ||   467

Table legend: (Time is in decaauts)
 A = Elapsed time spent in this place.
 B = Non-inter-level travel time spent in this place.
 C = Inter-level travel time spent in this place.
 D = Time resting spent in this place.
 E = Time spent auto-exploring this place.
 F = Levels seen in this place.
 G = Mean time per level.
                   A        B        C        D        E       F      G
               +--------+--------+--------+--------+--------+-----+--------+
         Total |   5604 |   5418 |    186 |    150 |   3996 |   8 |  700.5 |
       Dungeon |   5604 |   5418 |    186 |    150 |   3996 |   8 |  700.5 |
               +--------+--------+--------+--------+--------+-----+--------+

Top non-repeatable levels by time:
     D:5: 1003 daAuts
     D:3: 988 daAuts
     D:1: 910 daAuts
     D:2: 908 daAuts
     D:4: 692 daAuts
     D:6: 596 daAuts
     D:7: 453 daAuts
     D:8: 51 daAuts
